 Dungeon Crawl Stone Soup version 0.15-b1-55-g17c0860 (webtiles) character file.

183 Eradicator the Sneak (level 5, 0/35 HPs)
             Began as a Vampire Enchanter on Aug 10, 2014.
             Slain by a giant gecko (1 damage)
             ... on Level 3 of the Dungeon.
             The game lasted 00:23:04 (2512 turns).

Eradicator the Sneak (Vampire Enchanter)            Turns: 2512, Time: 00:23:04

HP   0/35        AC  4     Str  7      XL: 5   Next: 35%
MP   4/9         EV 13     Int 17      God:
Gold 130         SH  0     Dex 15      Spells:  2 memorised,  5 levels left

rFire  . . .     SeeInvis +     a - +1 dagger
rCold  + . .     Clarity  .     b - +1 robe
rNeg   + + .     rCorr    .     (no shield)
rPois  +         rRot     +     e - +0 helmet
rElec  .         Spirit   .     (no cloak)
SustAb .         Warding  .     (no gloves)
rMut   .         Stasis   .     (no boots)
Gourm  .                        (no amulet)
MR     .....                    (no ring)
                                h - ring of teleport control

@: regenerating slowly, not resistant to hostile enchantments, stealthy
A: fangs 3, see invisible, unbreathing
a: Bat Form, Evoke Teleport Control


You were on level 3 of the Dungeon.
You were thirsty.

You visited 1 branch of the dungeon, and saw 3 of its levels.

You collected 130 gold pieces.

Inventory:

Hand weapons
 a - a +1 dagger (weapon)
 q - a +0 hunting sling
Missiles
 g - 16 poisoned needles
Armour
 b - a +1 robe (worn)
 e - a +0 helmet (worn)
 v - a +0 robe
Scrolls
 f - a scroll of remove curse
 l - a scroll of fog {unknown}
 n - 2 scrolls of enchant weapon {unknown}
 o - a scroll of enchant armour {unknown}
 t - 6 scrolls of identify {unknown}
 u - a scroll of teleportation {unknown}
 w - a scroll of random uselessness {unknown}
Jewellery
 h - a ring of teleport control (left hand)
Potions
 d - a potion of coagulated blood
 i - a potion of heal wounds {unknown}
 j - 3 potions of curing {unknown}
 m - a potion of lignification {unknown}
 p - 2 potions of flight {unknown}
 r - a potion of might {unknown}
 s - a potion of invisibility {unknown}
Books
 c - a book of Maledictions

   Spells                             Type                      Level
   *Corona                            Hexes                        1
   Sure Blade                         Hexes/Charms                 2
   *Ensorcelled Hibernation           Hexes/Ice                    2
   Confuse                            Hexes                        3
   Dazzling Spray                     Conjuration/Hexes            3
   Enslavement                        Hexes                        4


   Skills:
 + Level 1.5 Short Blades
 - Level 2.4 Dodging
 * Level 7.7 Stealth
 + Level 2.2 Spellcasting
 + Level 5.3 Hexes
 + Level 1.5 Ice Magic


You had 5 spell levels left.
You knew the following spells:

 Your Spells              Type           Power        Failure   Level  Hunger
a - Corona                Hex            ###....      2%          1    #......
b - Ensorcelled Hibernat  Hex/Ice        ##....       10%         2    ##.....


Dungeon Overview and Level Annotations

Branches:
Dungeon (3/15)

Altars:
Nemelex Xobeh
Sif Muna
Trog


Innate Abilities, Weirdness & Mutations

You heal slowly.
You have razor-sharp teeth.
You have supernaturally acute eyesight.
You can survive without breathing.


Message History

The magic dart hits you!
* * * LOW HITPOINT WARNING * * *
The giant gecko completely misses you.
Things that are here:
a club; a giant cockroach corpse The orc wizard mumbles some strange words.
The orc wizard blinks!
The giant gecko hisses menacingly.
The giant gecko bites you.
* * * LOW HITPOINT WARNING * * *
The orc wizard casts a spell.
The orc wizard blinks!
The giant gecko barely misses you. The giant gecko closely misses you.
The orc wizard casts a spell at you. The magic dart hits you!
* * * LOW HITPOINT WARNING * * *
The orc wizard mumbles some strange words.
The orc wizard blinks!
The giant gecko bites you.
You die...

...# ##..#.######.#########..#.
#### #.#.## #...........### #
##...# #(####.(.....#% # #....#
###.# #.####.#.# #
####.#..#####...# #.# #.#.# #
#....(..........# #.# #.#.#
#####.##.#..#####...# #.# #....
.).%..##.#..######..####.# ###.#
#######....(....@l....##.#####...
## #..#..######...o.........#. .#
#..#..## #....########... .####
#..#...# ####.ยง..######.#
#.#.###..#.#)# ####.##)....#
##[.%......#.# #.......o#
#.#.###.####.# ####...... .##.#
#.# #.# #.##### ###.# #.#
#.######## #.#


You could see an orc wizard and a giant gecko.

Vanquished Creatures
  2 orc priests (D:3)
  An orc wizard (D:3)
  An adder (D:3)
  A giant mite (D:3)
  2 worms
  10 orcs
  2 giant cockroaches
  8 hobgoblins
  7 jackals
  A ball python (D:3)
  9 bats
  5 giant newts
  4 goblins
  4 kobolds
  3 rats (D:1)
60 creatures vanquished.

Notes
Turn   | Place    | Note
--------------------------------------------------------------
     0 | D:1      | Eradicator, the Vampire Enchanter, began the quest for the Orb.
     0 | D:1      | Reached XP level 1. HP: 13/13 MP: 3/3
   310 | D:1      | Reached XP level 2. HP: 19/19 MP: 4/4
   314 | D:1      | Learned a level 2 spell: Ensorcelled Hibernation
   496 | D:1      | Reached skill level 5 in Stealth
   949 | D:2      | Found a bloodstained altar of Trog.
  1061 | D:2      | Reached XP level 3. HP: 18/24 MP: 0/6
  1626 | D:3      | Reached skill level 6 in Stealth
  1662 | D:3      | Reached skill level 1 in Ice Magic
  1792 | D:3      | Reached skill level 5 in Hexes
  1792 | D:3      | Reached XP level 4. HP: 30/30 MP: 2/7
  1890 | D:3      | Found a deep blue altar of Sif Muna.
  1890 | D:3      | Found a sparkling altar of Nemelex Xobeh.
  2270 | D:3      | Reached skill level 7 in Stealth
  2290 | D:3      | Reached XP level 5. HP: 35/35 MP: 3/9
  2510 | D:3      | HP: 1/35 [orc wizard/magic dart (4)]
  2512 | D:3      | Slain by a giant gecko

Action                   |  1- 3 |  4- 6 || total
-------------------------+-------+-------++-------
Melee: Dagger            |   167 |    76 ||   243
 Cast: Ensorcelled Hiber |    22 |    16 ||    38
  Use: Scroll            |       |     2 ||     2
 Stab: Sleeping          |    22 |    11 ||    33
  Eat: Corpse            |     3 |     3 ||     6
